[Event "Turkish Youth Championships 2023"]
[Site "Samsun"]
[Date "2023.05.19"]
[Round "1.2"]
[White "Akbas, Umut Ata"]
[Black "Aksoy, Mahmut Gokberk"]
[Result "1-0"]
[WhiteElo "2417"]
[BlackElo "1156"]
[Annotator "TA"]
[PlyCount "131"]
[EventDate "2023.05.19"]
[EventType "swiss"]
[EventCountry "TUR"]
[TimeControl "5400+30"]

1. c4 e5 2. Nc3 Nf6 3. Nf3 Nc6 4. g3 Bb4 5. Nd5 d6 6. Bg2 O-O 7. O-O h6 {[%emt 0:17:00] A29: English Opening: Four Knights Variation with 4 g3.} 8. Nxb4 Nxb4 {[%emt 0:00:00] [#]} 9. d4 $146 ({Predecessor:} 9. d3 a5 10. e4 Qe7 11. Nh4 Rd8 12. h3 c5 13. f4 Bd7 14. Kh2 a4 15. Be3 {½-½ Sivic,J (2267)-Fajs,B (2454) SLO-CupT F3 email 2006}) 9... e4 {[%emt 0:05:00] The position is equal.} 10. Nd2 Re8 11. a3 Na6 12. b4 c6 13. Nb3 d5 14. cxd5 Nxd5 15. Qc2 Bf5 16. e3 Bg6 17. Bb2 Nac7 18. Rfe1 Qe7 19. Na5 Nb5 20. a4 Nxb4 (20... Nd6 $11 {keeps the balance.}) 21. Qb3 Nd3 $2 {[%emt 0:03:30] Loses the game.} (21... Nc7 $14) 22. axb5 $18 Nxe1 23. Rxe1 Rab8 {[%emt 0:02:30] Black is weak on the dark squares} 24. b6 ({Don't play} 24. bxc6 bxc6 25. Qc2 Qc7 $18) 24... a6 25. Ba3 Qe6 (25... Qf6 {might work better.} 26. Nc4 Rbd8) 26. Qxe6 Rxe6 27. Bf1 Bf5 28. Bc5 Rg6 {[%emt 0:02:30] [#]} 29. Nxb7 $1 {[%emt 0:02:30][%mdl 576] Remove Defender} Rxb7 30. Bxa6 Rb8 31. b7 Re6 32. Ba7 Ree8 (32... Rd8 $142 33. Rb1 (33. b8=B c5 $18) 33... Ree8) 33. Bxb8 Rxb8 {[%emt 0:00:04][%mdl 4096] Endgame KRB-KRB} 34. Rc1 Bd7 {[%emt 0:00:15] [#]} 35. d5 $1 {[%emt 0:00:00][%mdl 576] Promotion} cxd5 (35... Rxb7 36. Bxb7) 36. Rc8+ Bxc8 37. bxc8=Q+ Rxc8 38. Bxc8 {[%emt 0:00:00] KB-KP} g5 39. g4 Kg7 40. Bb7 Kg6 41. Bxd5 {[%emt 0:00:00] ?ev?.} f5 42. h3 h5 43. Kg2 h4 44. Be6 f4 45. Bf5+ Kf6 46. Bxe4 {[%emt 0:00:30] KB-K3P} Ke5 47. Kf3 fxe3 48. Kxe3 {[%emt 0:00:30] KB-KPP} Kf6 49. Kd4 Ke6 50. Bf5+ Kf6 51. Kd5 Kg7 52. Ke6 Kh6 53. Be4 Kg7 54. Kf5 Kh6 55. Bd5 Kg7 56. Kxg5 {[%emt 0:00:00] KB-KP} Kh7 57. f4 Kg7 58. f5 Kf8 59. Kf6 Ke8 60. Kg7 Ke7 61. f6+ Ke8 62. f7+ Kd7 63. f8=Q Kc7 64. Qc5+ Kb8 65. Qb6+ Kc8 66. Be6# {[%emt 0:00:00] Weighted Error Value: White=0.09 (flawless) /Black=0.76} 1-0

[Event "Turkish Youth Championships 2023"]
[Site "Samsun"]
[Date "2023.05.19"]
[Round "1.3"]
[White "Ozlu, Arda"]
[Black "Tarlabasi, Emirhan"]
[Result "0-1"]
[WhiteElo "1163"]
[BlackElo "2300"]
[Annotator "TA"]
[PlyCount "62"]
[EventDate "2023.05.19"]
[EventType "swiss"]
[EventCountry "TUR"]
[TimeControl "5400+30"]

1. e4 e6 2. Nf3 d5 3. exd5 exd5 4. d4 Nf6 5. Bd3 c5 6. c3 Be7 {B22: Sicilian: 2 c3.} 7. dxc5 Bxc5 8. O-O O-O {White has an edge.} 9. Nd4 Nc6 10. Be3 {[%emt 0:00:30] [#] Hoping for Nxc6.} Bd6 {[%emt 0:04:30] [#]} (10... Ng4 $15) 11. Nd2 $146 (11. h3 {simplifies} Ne5 12. Be2 Re8 13. Nd2) ({Predecessor:} 11. h3 Ne5 12. Bc2 a6 13. Nd2 Bd7 14. N2f3 Ng6 15. Qd2 Ne4 16. Qd1 Re8 17. Rc1 h6 18. Bb3 Be6 19. Nxe6 fxe6 {1-0 Caglar,S (2250)-Atakishiyev,E (2223) AZE-TUR U16 Online Battle blitz 2020}) 11... Ng4 12. h3 (12. N2f3 $11 {keeps the balance.}) 12... Nxe3 $40 {[%emt 0:00:30][%mdl 128] Black has strong attack. Black continues to play with concentration.} 13. fxe3 Qg5 14. Qf3 (14. Qe2 $17 {is a better defense.}) 14... Ne5 $19 15. Qxd5 Qxe3+ 16. Kh1 Nxd3 ({Not} 16... Qxd3 17. Qxd6 Qxd2 18. Qxe5 $11) 17. Qxd6 (17. Nc4 Nf2+ 18. Rxf2 Qxf2 19. Nxd6) 17... Qxd2 18. Kg1 Qe3+ 19. Kh2 Qe5+ (19... Nxb2 $2 {too greedy.} 20. Rae1 Qh6 21. Qxh6 gxh6 22. Rf6 $19) 20. Qxe5 Nxe5 21. Rae1 f6 {[%emt 0:00:00] Black is clearly winning.} 22. Nb5 Bd7 23. Nd6 Bc6 24. Re3 Rad8 25. Nf5 Rfe8 26. Rf2 g6 27. Nd4 {[%emt 0:03:30] [#]} Ng4+ $1 28. hxg4 Rxe3 29. Rxf6 Rf8 30. Rd6 Rf2 31. Nxc6 bxc6 {[%emt 0:00:00] Weighted Error Value: White=0.61/Black=0.24 (precise)} 0-1

[Event "Turkish Youth Championships 2023"]
[Site "Samsun"]
[Date "2023.05.19"]
[Round "1.4"]
[White "Cilek, Bora"]
[Black "Aygin, Kerem"]
[Result "1-0"]
[WhiteElo "2285"]
[BlackElo "1259"]
[Annotator "TA"]
[PlyCount "77"]
[EventDate "2023.05.19"]
[EventType "swiss"]
[EventCountry "TUR"]
[TimeControl "5400+30"]

1. e4 c5 2. c3 Nf6 3. e5 Nd5 4. d4 cxd4 5. Nf3 Nc6 6. cxd4 e6 7. a3 d6 8. Bd3 Be7 9. O-O Qb6 {B22: Sicilian: 2 c3.} 10. Nc3 (10. Re1 $14) 10... Nxc3 $11 11. bxc3 dxe5 {[%emt 0:01:30] The position is equal.} 12. dxe5 Qc7 13. Qe2 O-O (13... b6 $11) 14. Qe4 g6 {[%emt 0:03:30] [#]} 15. Re1 $146 {[%emt 0:06:30][%mdl 2048] White has the initiative.} ({Predecessor:} 15. Bh6 Rd8 16. h4 b6 17. Rad1 Bb7 18. Qf4 Na5 19. h5 Bxf3 20. gxf3 Qxc3 21. Be4 {1-0 Ziegler,P (1778)-Soergel,F (2033) Mittelfranken Mitte-ch 9899 1999 (1)}) 15... b6 16. Bh6 Rd8 17. Rad1 Bb7 {[%emt 0:02:30][%cal Oc6d4] aiming for ...Nd4!} 18. Qf4 {[%emt 0:02:30] Wards off Nd4} Bxa3 $2 (18... Rd7 $11 {and Black stays safe.}) 19. h4 $1 $18 (19. Qf6 Bf8 20. Bxf8 Rxf8 $11) 19... Bf8 {[%emt 0:09:30] [#]} (19... Na5 {was necessary.}) 20. h5 $1 Ne7 $16 (20... gxh5 $2 21. Qg5+ Kh8 22. Bxf8 $18) 21. Bxf8 $1 (21. Ng5 $2 Nd5 22. Qh4 Bxh6 $19) 21... Rxf8 {[%emt 0:00:30] [#]} 22. Ng5 {[%emt 0:05:30] Qh2 would be deadly. White is more active.} Nd5 $2 {[%emt 0:11:30][%mdl 8192] [#]} (22... Qxc3 $2 23. Qh2 Qc6 24. Be4 $18) (22... f6 $16 {is a better chance.} 23. Nxe6 Qc6) 23. Qh2 $1 $18 Qe7 (23... Nxc3 $2 24. Rc1 (24. hxg6 fxg6 25. Nxe6 Qe7 $18) 24... Qe7 25. Nxh7 $18) 24. Nxh7 {[%emt 0:00:30][%mdl 64] Remove Defender} Kg7 (24... g5 $142 25. Nxf8 Kxf8) 25. c4 (25. hxg6 $142 fxg6 26. Nxf8 Rxf8 27. Re4) 25... Rh8 26. hxg6 fxg6 27. Qg3 Rxh7 28. Qxg6+ ({Stronger than} 28. cxd5 Rah8 29. Qxg6+ (29. Bxg6 $2 Rh1#) 29... Kf8 $11) 28... Kh8 29. Qxh7+ Qxh7 30. Bxh7 Kxh7 31. cxd5 Bxd5 {[%emt 0:00:00][%mdl 4096] Endgame KRR-KRB} 32. f4 {[%emt 0:00:00][%cal Bf2f4,Bf4f5,Bf5f6,Bf6f7][%mdl 32] Hoping for f5!} Rg8 33. Rd2 {[%emt 0:00:00][%cal Of4f5] f5! is the strong threat.} Rg4 $2 {[%emt 0:00:59] [#]} (33... Rf8 34. g3 Kg6) 34. f5 $1 {[%emt 0:00:30][%cal Od2d5] White wants to mate with Rxd5!} Rg5 {[%emt 0:02:04] [#]} (34... Kg8 35. fxe6) 35. Rxd5 $1 {[%emt 0:02:30][%mdl 576] Promotion. White mates.} exd5 (35... Rxf5 36. Rd7+) 36. e6 Rg8 37. f6 Kg6 38. f7 Rc8 39. Rf1 {[%emt 0:00:00] Weighted Error Value: White=0.20 (precise) /Black=0.64} 1-0

[Event "Turkish Youth Championships 2023"]
[Site "Samsun"]
[Date "2023.05.19"]
[Round "1.5"]
[White "Temiz, Melih Efe"]
[Black "Angun, Batu"]
[Result "0-1"]
[WhiteElo "1160"]
[BlackElo "2205"]
[Annotator "TA"]
[PlyCount "92"]
[EventDate "2023.05.19"]
[EventType "swiss"]
[EventCountry "TUR"]
[TimeControl "5400+30"]

1. e4 c5 2. Nf3 e6 3. d4 cxd4 4. Nxd4 Nc6 5. Be3 a6 (5... Nf6 $11) 6. Bc4 {B44: Sicilian: Taimanov: 5 Nb5.} Nf6 7. Nd2 Qc7 8. O-O {[#] The position is equal.} Be7 $146 ({Predecessor:} 8... b5 9. Bd3 Bb7 10. Nxc6 dxc6 11. f4 Be7 12. c4 e5 13. Qe2 O-O 14. fxe5 Qxe5 {0-1 Derouineau,J (2326)-Moreira,J (2340) Latin Cup 6th B03 corr 2003}) 9. Re1 O-O 10. Nxc6 bxc6 11. Bg5 d5 12. e5 Ne8 (12... dxc4 $2 13. exf6 gxf6 14. Bh6 $18) 13. Bxe7 Qxe7 14. Bd3 f5 (14... c5 $11 {might be stronger.}) 15. f4 (15. c4 $14) 15... c5 16. b3 Bb7 17. Qe2 g5 18. Qf2 ({White should play} 18. fxg5 $1 $11 Qxg5 19. Qe3 Qxe3+ 20. Rxe3) 18... Ng7 (18... gxf4 $15 19. Qxf4 Kh8) 19. fxg5 $1 $14 Qxg5 20. Nf3 Qe7 21. Qh4 Qxh4 22. Nxh4 Kf7 23. Re3 Rg8 24. Rf1 Ne8 25. Ref3 (25. Rh3 $5 ) 25... Ke7 26. g3 (26. Rc1 $14) 26... Nc7 27. Rf4 d4 {[%emt 0:00:30] White should prevent ...Nd5.} 28. Bc4 Be4 29. R1f2 (29. Nf3 $11 {was preferrable.}) 29... a5 30. a4 (30. Nf3 $15) 30... Rab8 (30... h5 $17) 31. Nf3 Bd5 {[%emt 0:00:30] Black is more active.} ({Better is} 31... Rg7 $17) 32. Nd2 $11 Bc6 33. Rh4 Rg7 34. Rh6 Rf8 (34... Be4 $11) 35. Kf1 ({White should try} 35. Bd3 $16) 35... Rff7 36. Rh4 Na8 37. Ke2 (37. Bb5 $5 Bd5 38. Bc4 $11) 37... Nb6 38. Rf1 {[%emt 0:08:08] [#]} (38. Bb5 $11 {remains equal.} Bd5 39. Kd3) 38... Nd7 $1 $17 39. Nb1 Nxe5 40. Na3 Ng6 (40... Kf6 $19 41. Rh6+ Rg6) 41. Rh5 Rf6 42. g4 (42. Kd2 $17) 42... Be8 $19 {[%emt 0:02:30] And now ...Ne5 would win.} ({Stronger than} 42... fxg4 43. Rxc5 Bf3+ 44. Kd2 $11) 43. Kd2 $2 (43. Bb5 Bf7 44. Nc4) 43... Ne5 {[%emt 0:00:30][%mdl 64] [#] Discovered Attack, Deflection. Black is clearly winning.} ({Inferior is} 43... fxg4 44. Rxc5 Rxf1 45. Bxf1 $15) 44. g5 Bxh5 45. gxf6+ Kxf6 46. Nb5 Rg2+ {[%emt 0:00:30] Weighted Error Value: White=0.47/Black=0.23 (precise)} 0-1

[Event "Turkish Youth Championships 2023"]
[Site "Samsun"]
[Date "2023.05.19"]
[Round "1.6"]
[White "Isilak, Enes"]
[Black "Sozen, Umutcan"]
[Result "1-0"]
[WhiteElo "2181"]
[BlackElo "1156"]
[Annotator "TA"]
[PlyCount "51"]
[EventDate "2023.05.19"]
[EventType "swiss"]
[EventCountry "TUR"]
[TimeControl "5400+30"]

1. d4 Nf6 2. c4 g6 3. g3 Bg7 4. Bg2 O-O 5. Nc3 c6 6. e4 d6 7. Nf3 d5 {7...Qb6 is a critical line. E62: King's Indian: Fianchetto: 6...c6 and Panno Variation (6...Nc6) without ...a6.} 8. e5 Ne8 {[#]} 9. O-O $146 ({Predecessor:} 9. c5 Bg4 10. h3 Bf5 11. Nh4 Be6 12. O-O Qc8 13. Kh2 f6 14. f4 Nc7 15. Qd3 {½-½ Monteiro,A (1954)-Spinola,S (1691) CPV-ch Sar 2017 (2)}) 9... Bg4 (9... dxc4 $11 10. Qe2 Nc7) 10. h3 Bxf3 11. Qxf3 e6 12. Be3 Nc7 13. b3 {White has more active pieces.} Nd7 14. Rfd1 ({White should try} 14. Qe2 $16) 14... dxc4 (14... f6 $14) 15. bxc4 $16 Nb6 (15... f6 $16) 16. Bf1 Qd7 17. Ne4 Rad8 (17... Na4 {was necessary.} 18. Rab1 Rfb8) 18. Bg5 $18 f5 19. Nc5 ({Don't do} 19. exf6 h6 $18) 19... Qc8 20. Bxd8 Rxd8 21. Rab1 Bf8 22. Nb3 Qd7 23. Na5 {[%emt 0:01:30] White is clearly winning.} Na6 (23... Rb8 $142 24. c5 Nbd5 25. Rxb7 Rxb7) 24. c5 Nd5 25. Rxb7 Qc8 26. Bxa6 {[%emt 0:00:00] Weighted Error Value: White=0.22 (precise) /Black=0.47} 1-0

[Event "Turkish Youth Championships 2023"]
[Site "Samsun"]
[Date "2023.05.19"]
[Round "1.7"]
[White "Senocak, Umut"]
[Black "Biyiksiz, Ali Batuhan"]
[Result "0-1"]
[WhiteElo "1109"]
[BlackElo "2107"]
[Annotator "TA RC"]
[PlyCount "54"]
[EventDate "2023.05.19"]
[EventType "swiss"]
[EventCountry "TUR"]
[TimeControl "5400+30"]

1. e4 c5 2. Nf3 e6 3. Nc3 a6 4. Be2 b5 5. a3 Bb7 6. d3 {B40: Sicilian: 2...e6, Unusual lines.} d6 7. O-O Nf6 8. Re1 {[%emt 0:18:30] The position is equal.} Be7 9. Bf4 O-O {[%emt 0:00:30] [#]} 10. b4 $146 (10. e5 $11 dxe5 11. Nxe5) ({Predecessor:} 10. e5 dxe5 11. Bxe5 Nc6 12. Bg3 Nh5 13. Be5 Nxe5 14. Nxe5 Nf6 15. Bf3 Bxf3 16. Qxf3 {0-1 Westerman,M (1441)-Smits,B (1628) Hengelo U16 op 2005 (2)}) 10... cxb4 11. axb4 Nc6 12. Rb1 Rc8 13. Bd2 (13. Na2 $11) 13... d5 $1 $17 14. exd5 exd5 ({Reject} 14... Nxb4 15. dxe6 fxe6 16. Nxb5 Nxc2 17. Na7 Nxe1 18. Rxb7 Nxf3+ 19. Bxf3 $11) ({Of course not} 14... Nxd5 $6 15. Nxd5 Qxd5 16. c4 $11) 15. Na2 d4 16. h3 Nd5 17. Nh2 ({White should play} 17. Bf1) 17... Bg5 {[%emt 0:03:30] Black is more active.} 18. Bf3 Bxd2 19. Qxd2 h6 (19... Qd6 $5 20. Qg5 f5 $17) 20. Nf1 (20. Nc1 $15) 20... Qd6 {[%emt 0:12:30] Strongly threatening ...Ne5.} 21. Ng3 {[%emt 0:01:30] [#]} f5 $1 22. Ne2 $2 {[%emt 0:05:29][%mdl 8192] [#] This costs White the game.} (22. Qe2 $17) 22... Ne5 $1 $19 {[%emt 0:03:30] ...Nxf3+ is the strong threat.} 23. Nxd4 Nxf3+ 24. Nxf3 Nf4 25. Ne5 ({Don't blunder} 25. Nh4 $2 g5 26. Nf3 Bxf3 27. gxf3 Qd5 $19) (25. Qe3 Rxc2 26. Nc1) 25... Nxg2 {[%emt 0:01:00] Black is clearly winning.} 26. Re2 Nh4 27. f4 Qd5 {[%emt 0:00:30] Weighted Error Value: White=0.57/Black=0.14 (very precise)} 0-1

[Event "Turkish Youth Championships 2023"]
[Site "Samsun"]
[Date "2023.05.19"]
[Round "1.8"]
[White "Kavri, Yusuf Eren"]
[Black "Zengin, Deha"]
[Result "1-0"]
[WhiteElo "2029"]
[BlackElo "1079"]
[Annotator "TA"]
[PlyCount "63"]
[EventDate "2023.05.19"]
[EventType "swiss"]
[EventCountry "TUR"]
[TimeControl "5400+30"]

1. d4 d5 2. c4 e6 3. Nc3 Nf6 4. Bg5 Be7 5. Nf3 O-O 6. e3 Re8 (6... h6 $5 7. Bxf6 Bxf6 $11) 7. cxd5 {D55: Queen's Gambit Declined: 4 Bg5 Be7: Lines without ...h6 and 6...h6 7 Bxf6.} exd5 8. Qc2 h6 9. Bh4 {The position is equal.} Be6 10. Bd3 Nbd7 11. O-O Nh5 12. Bxe7 Qxe7 {[#]} 13. Nb5 $146 ({Predecessor:} 13. Rab1 c5 14. dxc5 Nxc5 15. Rfd1 Nf6 16. Bb5 Red8 17. Nd4 Nce4 18. f3 Nd6 19. Bd3 {1-0 Jimenez Carrazoni,M (1563)-Zhao,Y (1360) Madrid Alcorcon op 1st 2022 (5)}) 13... Rec8 14. Rfc1 ({Reject} 14. Nxc7 Ndf6 15. Rfc1 Ne8 16. Nxd5 (16. Bh7+ $2 Kh8 $19) 16... Bxd5 17. Qxc8 Rxc8 18. Rxc8 g6 $17) 14... c5 15. dxc5 Rxc5 16. Qd2 Rac8 {[%emt 0:00:30] White now steadily converts the win.} (16... a6 $14 17. Nbd4 Nhf6) 17. Nxa7 $16 {[%emt 0:00:00] White is more active.} Rxc1+ 18. Rxc1 Rxc1+ 19. Qxc1 Nc5 20. Be2 Nf6 21. Nb5 Nfe4 22. Nfd4 Bd7 23. Qc2 f5 (23... b6 $16 24. a3 Qf6) 24. b4 Na6 {[%emt 0:00:30] [#]} (24... Ne6 {was worth a try.}) 25. a3 $1 $18 Kf7 26. Qb3 Bc6 (26... Nf6 27. g3 g6) 27. Nxc6 {[%emt 0:02:30] White is clearly winning.} ({Less strong is} 27. Nxf5 Qf6 $18) 27... bxc6 28. Nd4 Nb8 {[%emt 0:01:30] [#]} 29. Nxc6 $1 {[%emt 0:01:00][%mdl 576] Remove Defender, Decoy} Nxc6 30. Qxd5+ Qe6 31. Bc4 Nd8 (31... Qxd5 $142 32. Bxd5+ Ke7 33. Bxc6 Nc3) 32. Qxf5+ {[%emt 0:00:00][%mdl 64] Pin.   Weighted Error Value: White=0.08 (flawless) /Black=0.34} 1-0

[Event "Turkish Youth Championships 2023"]
[Site "Samsun"]
[Date "2023.05.19"]
[Round "1.9"]
[White "Aldeniz, Defne"]
[Black "Temizer, Umut"]
[Result "0-1"]
[WhiteElo "1063"]
[BlackElo "1973"]
[Annotator "TA"]
[PlyCount "72"]
[EventDate "2023.05.19"]
[EventType "swiss"]
[EventCountry "TUR"]
[TimeControl "5400+30"]

1. e4 c6 2. d4 d5 3. e5 Bf5 4. Nf3 e6 5. Bd3 Ne7 6. c3 {[%emt 0:00:30] B12: Caro-Kann: Advance Variation.} Nd7 7. Be3 Qb6 8. b3 {[%emt 0:02:30] [#] The position is equal.} f6 $146 ({Predecessor:} 8... a5 9. Nh4 a4 10. b4 Bxd3 11. Qxd3 Nc8 12. Nd2 Be7 13. Nhf3 Na7 14. O-O O-O {0-1 Puehringer,J (2075)-Antal,G (2524) Vienna op 2015 (1)}) 9. exf6 gxf6 10. Nh4 {[%emt 0:02:30] [#] And now Qh5+ would win.} Bxd3 11. Qxd3 O-O-O 12. Nd2 Qc7 13. c4 Kb8 14. a4 e5 15. b4 ({Better is} 15. O-O $15) 15... exd4 (15... dxc4 $19 16. Nxc4 Ng6) 16. Qxd4 $17 Nc8 ({Black should try} 16... c5 $1 $17 17. bxc5 Nc6) 17. c5 $14 ({Reject} 17. cxd5 Ndb6 18. O-O (18. Qxf6 $2 {too greedy.} Bg7 $19 {[%mdl 64] Skewer}) 18... Nxd5 $15) 17... Rg8 18. a5 (18. O-O $14) 18... a6 (18... Ne5 $11 19. h3 a6) 19. Ndf3 (19. O-O $14) 19... Re8 $15 {[%emt 0:02:30][%cal Bd8e8,Be8e4,Be4b4,Bb4b1,Bb1h1][%mdl 32] aiming for ...Re4.} 20. Kd1 $2 {[%emt 0:03:30] White is now going downhill.} (20. Qd2 $11) 20... Re4 $19 21. Qc3 Na7 22. g3 Nb5 {[%emt 0:03:30] Prevents Nd4} 23. Qb2 (23. Qb3 {might work better.}) 23... Rgg4 24. h3 $2 (24. Bd2) 24... Rxb4 25. Qd2 Rgc4 26. Rc1 (26. Ke1 $142) 26... Rxc1+ 27. Kxc1 Qxa5 {[%emt 0:00:30] [#] ( -> ...Qa1+)} 28. Kd1 Rb1+ 29. Ke2 Qxd2+ (29... Rxh1 $2 30. Qxa5 Kc8 31. Nd4 Nxd4+ 32. Bxd4 $18) 30. Kxd2 Rxh1 31. Ne1 Bxc5 {[%emt 0:00:00] ...Bb4+ is the strong threat.} 32. Bf4+ Ka7 {[%emt 0:00:00] White must now prevent ...Bb4+.} 33. Ke2 Nd4+ 34. Kd2 Bb4+ {[%emt 0:00:30] Black mates.} 35. Ke3 Rxe1+ 36. Kd3 Nc5+ {[%emt 0:00:00] Weighted Error Value: White=1.05/Black=0.24 (precise)} 0-1

[Event "Turkish Youth Championships 2023"]
[Site "Samsun"]
[Date "2023.05.19"]
[Round "1.10"]
[White "Demirbas, Emre"]
[Black "Oksuzomer, Enes"]
[Result "1-0"]
[WhiteElo "2013"]
[BlackElo "1273"]
[Annotator "TA"]
[PlyCount "101"]
[EventDate "2023.05.19"]
[EventType "swiss"]
[EventCountry "TUR"]
[TimeControl "5400+30"]

1. Nf3 d5 2. c4 c6 3. b3 Nf6 4. Bb2 Bf5 5. g3 Nbd7 6. Bg2 {A12: English Opening: 1...c6 with b3 by White.} Qb6 7. d3 e6 8. O-O {White is slightly better.} h6 {[#]} 9. a3 $146 ({Predecessor:} 9. Qc2 Bc5 10. Nc3 Qa6 11. a3 O-O 12. e4 Bh7 13. Qe2 Kh8 14. b4 Bb6 15. a4 Bd8 16. a5 {½-½ Burschowsky,M (2225)-Leeb,S (2267) AUT-chT2W 2223 2022 (3.2)}) 9... a5 (9... dxc4 $11 10. dxc4 a5) 10. Nbd2 $14 Bd6 (10... Bh7 $14) 11. cxd5 $16 cxd5 {[%emt 0:15:00] [#]} 12. e4 $1 Bg4 13. Re1 (13. exd5 $16 exd5 14. Re1+ Be7 15. Bd4 (15. Qe2 O-O $11)) 13... dxe4 ({Black should try} 13... Bc5 $14 14. d4 Be7) 14. Nc4 $1 $36 {[%emt 0:07:30][%mdl 2048] Keeping Black busy.} Qa6 15. dxe4 Be7 {[%emt 0:00:30] [#]} 16. e5 $1 {[%emt 0:03:30] White is more active.} Nd5 17. Qd4 Bxf3 18. Bxf3 Bc5 $2 {[%emt 0:00:30] This move loses the game for Black.} (18... O-O $16) 19. Qg4 $18 O-O 20. Bxd5 exd5 21. Nd6 {[%emt 0:02:30][%cal Oe5e6] Black must now prevent e6!} f5 22. Nxf5 Bxf2+ {[%emt 0:01:30] [#]} 23. Kg2 $1 (23. Kxf2 Rxf5+ 24. Kg1 (24. Qxf5 Rf8 $11) 24... Qe6 $11) 23... Rxf5 24. Qxf5 {[%emt 0:00:00][%cal Oe5e6] Threatens to win with e6!} Bxe1 25. Rxe1 Qc6 26. e6 Rf8 {[%emt 0:04:30] [#] Repels Qf7+} (26... d4+ $142 27. Kg1 Nf6 28. Bxd4 Qd5) 27. exd7 $1 {[%emt 0:01:30][%cal Of5f8] White wants to mate with Qxf8+!} Rxf5 28. d8=Q+ (28. d8=B Qc2+ 29. Kh3 Qxb2 30. Rg1 Rh5+ 31. Bh4 Qe2 32. Rc1 g5 33. Rc8+ Kf7 34. Rc7+ Kg6) 28... Rf8 29. Qe7 ({Less strong is} 29. Qxa5 Qc2+ 30. Kh1 Qxb2 $14) 29... d4+ 30. Qe4 d3 31. Qxc6 bxc6 {[%emt 0:00:30][%mdl 4096] Endgame KRB-KR} 32. Rd1 Re8 33. Rd2 ({Inferior is} 33. Rxd3 Re2+ 34. Kf3 Rxb2 $11) 33... c5 34. a4 (34. Rxd3 Re2+ 35. Kh3 Rxb2 $14) 34... Rb8 35. Rxd3 c4 36. Rd7 ({Not} 36. bxc4 Rxb2+ 37. Kf3 Rb4 $14) 36... Rxb3 (36... g5 $142 37. Rg7+ Kf8) 37. Bxg7 Ra3 38. Bxh6 {[%emt 0:00:30] Hoping for h4.} Rxa4 39. Rg7+ Kh8 40. Rc7 Ra2+ 41. Kh3 {[%emt 0:00:00] Threatening mate with g4.} Rc2 42. g4 {[%emt 0:00:00][%cal Bg3g4,Bg4g5][%mdl 32] White mates.} Rc3+ 43. Kh4 Rc2 44. Kg5 Rd2 45. Kh5 Rd5+ 46. g5 a4 47. Rxc4 a3 48. Ra4 Kg8 49. Rxa3 Kf7 50. Ra7+ Ke6 51. Kg6 {[%emt 0:00:00] Weighted Error Value: White=0.15 (very precise) /Black=0.43} 1-0

[Event "Turkish Youth Championships 2023"]
[Site "Samsun"]
[Date "2023.05.19"]
[Round "1.17"]
[White "Bakirci, Hazar"]
[Black "Ozgun, Yigit Deniz"]
[Result "0-1"]
[WhiteElo "1035"]
[BlackElo "1747"]
[Annotator "COMBH"]
[PlyCount "58"]
[EventDate "2023.05.19"]
[EventType "swiss"]
[EventCountry "TUR"]
[TimeControl "5400+30"]
[WhiteClock "1:07:00"]

1. c4 e6 2. Nc3 d5 3. e3 Nf6 4. g3 c5 5. cxd5 exd5 6. Bg2 Nc6 7. Nf3 d4 8. exd4 cxd4 9. Ne2 d3 10. Nf4 Qe7+ 11. Kf1 Bf5 12. Qe1 O-O-O 13. Qxe7 Bxe7 14. b3 h6 15. Bb2 g5 16. Rc1 gxf4 17. Ne5 Be6 18. Nxc6 bxc6 19. Bxc6 Kc7 20. Be5+ Kb6 21. Bxf4 Bc5 22. Be5 Bd4 23. Bf4 Rc8 24. Kg2 Rxc6 25. Rxc6+ Kxc6 26. Rc1+ Kb6 27. Rc7 Nd5 28. Rc1 Nxf4+ 29. gxf4 Rg8+ 0-1

[Event "Turkish Youth Championships 2023"]
[Site "Samsun"]
[Date "2023.05.19"]
[Round "1.18"]
[White "Coskun, Emre"]
[Black "Sener, Ata Yigit"]
[Result "1-0"]
[WhiteElo "1750"]
[BlackElo "1459"]
[Annotator "COMBH"]
[PlyCount "81"]
[EventDate "2023.05.19"]
[EventType "swiss"]
[EventCountry "TUR"]
[TimeControl "5400+30"]

1. e4 e6 2. d3 d5 3. Nd2 c6 4. g3 Nd7 5. Bg2 Ngf6 6. Ngf3 dxe4 7. dxe4 e5 8. O-O Bc5 9. b3 O-O 10. Bb2 Qc7 11. Qe2 Re8 12. h3 h6 13. Rfd1 b5 14. g4 Bb7 15. Nh4 g6 16. Ndf3 Nh7 17. c4 a6 18. Rac1 b4 19. Qd2 Ndf6 20. Ne1 Rad8 21. Nd3 Kg7 22. Qe1 Rxd3 23. Rxd3 Ng5 24. Rcd1 Ne6 25. Bc1 Qb6 26. Nf3 Nd4 27. Bb2 Nxf3+ 28. Bxf3 a5 29. Qd2 Re7 30. Kg2 Bc8 31. g5 hxg5 32. Qxg5 Qc7 33. Bc1 Ng8 34. Be3 Bxe3 35. fxe3 f6 36. Qg3 Rd7 37. Bg4 Rxd3 38. Rxd3 Ne7 39. Bxc8 Nxc8 40. Qg4 Kh6 41. Rd7 1-0

[Event "Turkish Youth Championships 2023"]
[Site "Samsun"]
[Date "2023.05.19"]
[Round "1.19"]
[White "Kilic, Sekip"]
[Black "Atis, Hasan"]
[Result "0-1"]
[WhiteElo "1124"]
[BlackElo "1890"]
[Annotator "COMBH"]
[PlyCount "67"]
[EventDate "2023.05.19"]
[EventType "swiss"]
[EventCountry "TUR"]
[TimeControl "5400+30"]
[BlackClock "0:41:00"]

1. e4 c5 2. Nf3 Nc6 3. Bc4 e6 4. Nc3 a6 5. a4 g6 6. d4 cxd4 7. Nxd4 Bg7 8. Nxc6 bxc6 9. Qd6 Qa5 10. Bd2 Qe5 11. Bf4 Qxd6 12. Bxd6 a5 13. e5 f6 14. f4 fxe5 15. fxe5 Nh6 16. O-O Nf7 17. Rxf7 Kxf7 18. Ne4 Bf8 19. Bc7 Kg7 20. Rd1 Be7 21. Bb6 Rf8 22. Re1 Ba6 23. Bb3 Bc8 24. Bc4 Kg8 25. h3 Ba6 26. Bb3 Rf5 27. Ng3 Bh4 28. Nxf5 Bxe1 29. Nh6+ Kg7 30. Ng4 Bg3 31. Bd4 Rf8 32. c4 Bxc4 33. Bxc4 Rf4 34. Bxe6 0-1